Map: Deathaura LE

Players

Jonathas

  • Race: Zerg Zerg
  • League: Diamond
  • Spawn Location: 5:00

woah - Winner!

  • Race: Terran Terran
  • League: Diamond
  • Spawn Location: 11:00

VOD

Have the link to the VOD?

Description

Time

  • Played on: July 11, 2020, 3:29 a.m.
  • Length: 15:58
Show
View Real Time Build Order
Export as new Build Order

Jonathas Zerg 

Build Orders: Pool First 

Get SALT Encoding   

  12  0:00  Drone  
  13  0:12  Overlord  
  13  0:17  Drone  
  14  0:31  Drone x2  
  16  0:42  Spawning Pool  
  15  0:44  Drone  
  16  0:55  Drone  
  17  1:09  Hatchery  
  16  1:12  Extractor  
  16  1:13  Drone  
  16  1:17  Drone  
  17  1:20  Drone  
  18  1:28  Drone  
  19  1:34  Queen  
  19  1:39  Zergling x2  
  22  1:50  Overlord  
  22  2:04  Overlord  
  22  2:09  Queen  
  22  2:14  Metabolic Boost  
  22  2:15  Zergling x2  
  25  2:23  Drone x2  
  25  2:24  Queen  
  28  2:46  Extractor, Roach Warren  
  26  2:54  Zergling x2  
  26  2:56  Drone x3  
  26  2:57  Drone x2  
  32  2:58  Drone  
  33  3:14  Drone x2  
  35  3:29  Overlord x2, Roach  
  35  3:31  Roach x2  
  35  3:33  Roach  
  43  3:44  Overlord  
  43  3:47  Overlord  
  43  3:51  Roach  
  45  3:57  Roach x3  
  45  4:02  Overlord  
  49  4:10  Roach  
  49  4:11  Roach  
  49  4:14  Roach  
  55  4:19  Zergling x4  
  55  4:22  Zergling x2  
  58  4:26  Ravager x2  
  58  4:27  Ravager  
  58  4:28  Zergling x2  
  58  4:29  Zergling x2  
  63  4:34  Ravager  
  63  4:37  Zergling x4  
  66  4:43  Roach x2  
  70  4:48  Roach  
  72  4:57  Roach  
  72  4:58  Roach, Zergling x4  
  69  5:06  Roach x2  
  64  5:11  Extractor, Roach  
  63  5:17  Drone x2  
  65  5:23  Roach  
  69  5:28  Roach x2  
  69  5:34  Roach  
  69  5:35  Zergling x2  
  67  5:40  Drone x2  
  69  5:44  Drone  
  69  5:45  Drone  
  71  5:51  Spore Crawler  
  71  5:52  Drone x2  
  71  5:56  Spore Crawler  
  70  5:59  Drone  
  70  6:00  Drone  
  67  6:09  Queen  
  65  6:13  Drone x3  
  61  6:23  Drone  
  61  6:24  Drone  
  59  6:32  Lair  
  55  6:34  Spore Crawler  
  55  6:36  Spore Crawler, Zergling x4  
  55  6:37  Zergling x4  
  55  6:44  Drone x3  
  54  6:47  Extractor, Zergling x2  
  54  6:48  Zergling x4  
  54  6:54  Spore Crawler  
  54  6:58  Drone  
  54  6:59  Drone x3  
  57  7:06  Drone x2  
  57  7:18  Drone x2  
  57  7:22  Drone x2  
  58  7:25  Drone  
  58  7:28  Hatchery  
  57  7:31  Drone x3  
  57  7:36  Drone x3  
  60  7:48  Glial Reconstitution  
  60  7:49  Spire  
  59  7:55  Roach  
  59  7:57  Roach  
  63  8:03  Drone x4  
  67  8:06  Spore Crawler  
  67  8:09  Zergling x6  
  67  8:10  Zergling x4  
  71  8:22  Queen  
  71  8:24  Drone  
  71  8:25  Drone, Overlord  
  75  8:30  Extractor  
  75  8:31  Extractor, Queen  
  75  8:38  Overlord x3  
  75  8:47  Pneumatized Carapace  
  75  8:48  Overlord x2  
  75  8:49  Overlord  
  75  8:54  Drone  
  75  8:55  Drone x2  
  76  9:09  Overseer  
  73  9:13  Drone x4  
  73  9:15  Zerg Flyer Weapons Level 1  
  77  9:20  Evolution Chamber  
  77  9:21  Drone, Overlord  
  77  9:22  Overlord  
  77  9:42  Queen  
  77  9:44  Corruptor x4  
  83  9:49  Corruptor, Hatchery  
  83  9:52  Corruptor  
  84  9:56  Corruptor  
  88  10:02  Corruptor  
  90  10:15  Corruptor x3  
  90  10:16  Corruptor  
  98  10:22  Zerg Missile Weapons Level 1  
  98  10:25  Corruptor x2  
  98  10:28  Drone  
  103  10:36  Drone x2  
  103  10:37  Drone x2  
  103  10:38  Drone x4  
  103  10:39  Drone  
  103  10:40  Drone  
  113  10:48  Drone  
  113  10:49  Drone x4  
  118  10:53  Queen  
  117  11:03  Infestation Pit  
  116  11:04  Hydralisk Den  
  116  11:05  Drone  
  116  11:06  Drone, Evolution Chamber  
  116  11:11  Roach x6  
  118  11:12  Roach  
  118  11:16  Spore Crawler  
  129  11:20  Extractor  
  129  11:22  Extractor  
  129  11:24  Roach  
  129  11:25  Roach  
  125  11:28  Roach  
  125  11:29  Roach x5  
  137  11:33  Drone  
  137  11:34  Drone x3  
  137  11:39  Roach, Corruptor  
  145  11:42  Roach x2  
  145  11:46  Roach x2  
  153  11:57  Roach  
  153  11:58  Roach x2  
  159  12:01  Zerg Ground Armor Level 1  
  159  12:09  Ravager  
  159  12:11  Overlord x6  
  159  12:12  Overlord  
  160  12:24  Hatchery  
  160  12:26  Zerg Flyer Weapons Level 2  
  160  12:28  Muscular Augments  
  159  12:44  Corruptor x3  
  159  12:45  Corruptor x4  
  167  12:58  Roach  
  167  12:59  Roach x4  
  167  13:02  Roach x2  
  167  13:04  Roach x2  
  167  13:05  Roach  
  177  13:10  Roach  
  142  13:14  Drone, Roach x2  
  142  13:15  Drone x5  
  142  13:17  Drone  
  151  13:25  Drone x6  
  151  13:26  Drone  
  152  13:37  Drone  
  152  13:38  Drone x7  
  160  13:45  Drone x3  
  163  14:08  Hive  
  163  14:20  Corruptor  
  163  14:21  Corruptor x8  
  181  14:28  Drone x2  
  171  14:34  Overlord  
  171  14:46  Extractor  
  171  14:47  Extractor  
  171  14:50  Overlord  
  171  14:51  Overlord  
  165  14:53  Roach x8  
  165  14:54  Roach x3  
  184  15:07  Roach  
  170  15:12  Roach  
  160  15:17  Roach  
  160  15:18  Roach x17  
  160  15:20  Overseer  
  168  15:34  Roach x2  
  165  15:36  Roach  
Show
View Real Time Build Order
Export as new Build Order

woah Terran - Winner!

Build Orders: Reaper Expand 

Get SALT Encoding   

  12  0:00  SCV  
  13  0:12  SCV  
  14  0:17  Supply Depot  
  14  0:24  SCV  
  15  0:39  SCV  
  15  0:41  Barracks  
  16  0:42  Refinery  
  16  0:51  SCV  
  17  1:03  SCV  
  18  1:15  SCV  
  19  1:28  Orbital Command  
  19  1:29  Reaper  
  20  1:43  Command Center  
  20  1:54  Supply Depot, SCV  
  21  2:01  Reaper  
  22  2:06  SCV, Refinery  
  23  2:18  SCV  
  23  2:21  Factory  
  24  2:30  SCV  
  25  2:42  Barracks Reactor, SCV  
  26  2:54  SCV  
  26  2:56  Orbital Command  
  27  3:06  SCV  
  27  3:08  Starport  
  28  3:18  SCV  
  29  3:23  SCV  
  29  3:24  Hellion  
  29  3:25  Hellion  
  29  3:26  Marine  
  35  3:30  SCV  
  36  3:35  SCV  
  36  3:36  Supply Depot  
  37  3:42  SCV  
  37  3:44  Viking, Refinery  
  37  3:47  SCV  
  41  3:48  Fusion Core  
  41  3:55  SCV  
  42  3:56  Hellion x2  
  42  3:59  Supply Depot, SCV  
  47  4:07  SCV  
  48  4:11  SCV  
  49  4:19  SCV  
  49  4:23  SCV  
  53  4:24  Hellion x2  
  53  4:27  Supply Depot  
  55  4:34  Armory  
  55  4:38  Starport Tech Lab  
  55  4:43  Marine  
  58  4:46  Hellion  
  50  5:00  Hellion  
  50  5:05  SCV  
  46  5:07  Hellion  
  46  5:08  Banshee  
  46  5:13  SCV  
  47  5:17  SCV  
  47  5:21  Hellion  
  45  5:28  Hellion  
  42  5:37  SCV  
  42  5:41  Terran Vehicle And Ship Armor Level 1  
  44  5:43  Hellion  
  44  5:50  Command Center, SCV  
  44  5:51  Battlecruiser  
  43  6:33  Weapon Refit  
  43  6:34  Supply Depot  
  41  6:46  SCV  
  38  6:55  SCV  
  38  6:56  Supply Depot, Hellion x2  
  38  6:58  SCV  
  44  7:01  Battlecruiser  
  44  7:07  SCV  
  51  7:10  SCV  
  51  7:14  SCV  
  53  7:17  Hellion  
  53  7:20  SCV  
  53  7:22  SCV, Hellion  
  58  7:26  SCV  
  57  7:30  Supply Depot  
  57  7:32  SCV  
  57  7:34  SCV  
  57  7:36  Factory  
  59  7:38  Orbital Command, Barracks Tech Lab, Hellion  
  59  7:44  SCV  
  62  7:46  SCV, Terran Vehicle And Ship Armor Level 2  
  62  7:47  Refinery  
  62  7:49  Supply Depot  
  63  7:53  Supply Depot  
  63  7:56  SCV  
  64  7:58  SCV  
  64  8:00  Armory  
  65  8:07  Orbital Command  
  65  8:08  SCV  
  65  8:10  SCV  
  67  8:14  Battlecruiser  
  73  8:20  SCV  
  73  8:22  SCV  
  75  8:28  Engineering Bay  
  75  8:32  SCV  
  75  8:33  SCV  
  77  8:35  SCV, Refinery  
  77  8:36  Siege Tank  
  77  8:38  Widow Mine  
  77  8:40  Widow Mine  
  85  8:44  SCV  
  85  8:45  SCV  
  85  8:47  SCV  
  88  8:50  Terran Ship Weapons Level 1  
  88  8:52  Supply Depot  
  88  8:57  Factory, SCV  
  88  8:58  SCV  
  90  9:07  SCV  
  90  9:09  SCV  
  92  9:11  SCV  
  92  9:14  Siege Tank  
  92  9:15  Supply Depot  
  92  9:17  Barracks Tech Lab  
  96  9:18  Supply Depot  
  96  9:19  SCV  
  96  9:21  Refinery  
  96  9:22  SCV  
  98  9:26  SCV  
  99  9:37  Battlecruiser  
  105  9:39  Supply Depot  
  105  9:41  Supply Depot  
  105  9:43  SCV x2  
  107  9:47  SCV  
  108  9:55  SCV  
  109  10:00  SCV  
  109  10:04  Supply Depot, Command Center  
  109  10:06  Hellion x2  
  114  10:08  Siege Tank  
  114  10:10  Supply Depot  
  114  10:13  Missile Turret  
  117  10:16  SCV  
  118  10:23  Terran Vehicle And Ship Armor Level 3  
  118  10:25  Siege Tank  
  121  10:34  Widow Mine  
  121  10:35  Widow Mine, Infernal Pre-Igniter  
  125  10:37  SCV  
  125  10:40  Refinery x2  
  125  10:41  Battlecruiser  
  132  10:45  Siege Tank  
  132  10:47  SCV x2  
  137  10:57  Thor  
  137  10:59  Widow Mine x2  
  137  11:03  Missile Turret  
  147  11:04  Missile Turret  
  147  11:09  Missile Turret  
  147  11:10  Missile Turret  
  147  11:16  Missile Turret  
  147  11:27  Thor  
  147  11:29  Widow Mine x2  
  147  11:31  Missile Turret  
  157  11:34  Missile Turret  
  157  11:37  SCV x2  
  159  11:49  Terran Vehicle Weapons Level 1  
  159  11:53  Battlecruiser  
  165  11:55  Drilling Claws  
  165  11:56  Smart Servos, Factory  
  165  12:07  Missile Turret  
  163  12:13  Planetary Fortress  
  163  12:17  Hellion x4, Missile Turret  
  163  12:18  Hellion  
  163  12:26  SCV x3  
  166  12:30  Sensor Tower  
  166  12:31  Widow Mine x2  
  170  12:38  Thor  
  170  12:40  Factory Tech Lab  
  176  12:44  Factory  
  176  12:46  Factory  
  176  12:47  Factory  
  176  12:56  Thor  
  173  12:59  Thor  
  166  13:08  Command Center  
  156  13:16  Battlecruiser  
  156  13:19  SCV x3  
  160  13:20  SCV  
  160  13:21  Siege Tank  
  163  13:31  SCV x2  
  163  13:33  Factory Tech Lab x3  
  165  13:39  SCV  
  166  13:41  SCV  
  166  13:47  Widow Mine x2  
  171  13:51  Thor  
  177  14:20  Siege Tank  
  177  14:21  Battlecruiser  
  186  14:29  Thor  
  186  14:35  Thor  
  192  14:46  Missile Turret  
  192  14:52  Command Center  
  183  15:11  Thor  
  183  15:13  Thor  
  180  15:14  Hellion x2, Thor  
  180  15:15  Thor  
  177  15:37  SCV x2  
  177  15:38  SCV x2  
  181  15:43  Unknown  
  181  15:46  Unknown  
Tags
 
Add a new tag
Caveats
  • Supply blocks, unpowered buildings, or Contaminate may cause inaccurate times.
  • Supply counts are checked every 10 seconds.